 Dungeon Sprint DCSS version 0.27-a0-1191-g601b473118 (webtiles) character file.

Game seed: 3093522589477583092

5109 mhtbhm the Eclecticist (level 10, -20/50 HPs)
             Began as a Deep Elf Earth Elementalist on May 23, 2021.
             Was the Champion of Vehumet.
             Killed from afar by a blizzard demon (22 damage)
             ... with a bolt of cold
             ... summoned by a deep elf demonologist
             ... in the Dungeon (Sprint III: "The Ten Rune Challenge").
             The game lasted 00:05:13 (1489 turns).

mhtbhm the Eclecticist (DEEE)                       Turns: 1489, Time: 00:05:13

Health: -20/50     AC:  2    Str:  5    XL:     10   Next: 32%
Magic:  13/39      EV: 14    Int: 24    God:    Vehumet [******]
Gold:   3664       SH:  0    Dex: 15    Spells: 31/49 levels left

rFire    . . .     SeeInvis .   p - +3 quarterstaff (chaos)
rCold    . . .     Faith    .   (shield currently unavailable)
rNeg     . . .     Spirit   .   c - +0 robe
rPois    .         Reflect  .   (no helmet)
rElec    +         Harm     +   r - scarf {harm}
rCorr    .         Rampage  .   (no gloves)
Will     +....     NoTele   +   (no boots)
Stlth    +++.......             (no amulet)
HPRegen  0.16/turn              (no ring)
MPRegen  0.26/turn              (no ring)

@: hasted, very quick
A: high mp 1, screaming 1, electricity resistance
a: Renounce Religion


You were in the Dungeon.
You worshipped Vehumet.
Vehumet was exalted by your worship.
You visited 1 branch You collected 3664 gold pieces.

Inventory:

Hand Weapons
 p - a +3 quarterstaff of chaos (weapon)
Missiles
 b - 10 stones
Armour
 c - a +0 robe (worn)
 q - a +0 cloak
 r - a scarf of harm (worn)
Wands
 s - a wand of charming (5)
Scrolls
 a - a scroll of torment {unknown}
 j - 2 scrolls of identify
 l - a scroll of immolation {unknown}
 m - a scroll of fear {unknown}
Potions
 d - a potion of curing
 e - a potion of heal wounds
 g - 2 potions of magic
 h - 2 potions of berserk rage
 k - 4 potions of flight
 n - 6 potions of mutation
 o - 2 potions of might
Miscellaneous
 t - a phial of floods


   Skills:
 + Level 5.1 Dodging
 + Level 4.7 Stealth
 + Level 0.6 Unarmed Combat
 + Level 20.3 Spellcasting
 + Level 1.4 Conjurations
 + Level 1.8 Transmutations
 + Level 17.4 Earth Magic
 + Level 0.8 Evocations


You had 31 spell levels left.
You knew the following spells:

 Your Spells              Type           Power      Damage    Failure   Level
a - Sandblast             Erth           100%       2d20      0%          1
b - Passwall              Tmut/Erth      52%        N/A       1%          2
c - Stone Arrow           Conj/Erth      100%       3d13      1%          3
d - Lee's Rapid Deconstr  Erth           41%        3d21*     1%          5
e - Petrify               Tmut/Erth      63%        N/A       1%          4
f - Inner Flame           Hex/Fire       24%        N/A       1%          3

Your spell library contained the following spells:

 Spells                   Type           Power      Damage    Failure   Level
 Beastly Appendage        Tmut           66%        N/A       1%          1
 Magic Dart               Conj           100%       1d8       1%          1
 Searing Ray              Conj           62%        3d5       1%          2
 Wereblood                Tmut           33%        N/A       1%          2
 Dazzling Flash           Conj/Hex       54%        N/A       1%          3
 Spider Form              Tmut/Pois      14%        N/A       3%          3
 Fulminant Prism          Conj/Hex       13%        3d9       4%          4
 Iskenderun's Mystic Bla  Conj/Tloc      27%        2d7       4%          4
 Ice Form                 Ice/Tmut       28%        N/A       12%         4
 Hydra Form               Tmut           16%        N/A       24%         5


Dungeon Overview and Level Annotations

Branches:
Dungeon (1/1)

Altars:
Cheibriados
Dithmenos
Elyvilon
Fedhas
Gozag
Hepliaklqana
Kikubaaqudgha
Makhleb
Nemelex Xobeh
Okawaru
Qazlal
Ru
Sif Muna
Trog
Uskayaw
Vehumet
Wu Jian
Xom
Yredelemnul
Zin
The Shining One
Beogh
Jiyva
Lugonu

Shops:
D :


Innate Abilities, Weirdness & Mutations

You have an increased reservoir of magic. (+10% MP)
You occasionally shout uncontrollably at your foes.
You are resistant to electric shocks. (rElec)


Message History

You start resting.
A blizzard demon is nearby!
A blizzard demon is nearby!
A blizzard demon is nearby!
You feel much better.
Casting: Stone Arrow (safe; 1% risk of failure)
Confirm with . or Enter, or press ? or * to list all spells.
Aiming: Lee's Rapid Deconstruction (safe; 1% risk of failure)
Press: ? - help, Dir - move target A stone wall.
Okay, then.
Blink to where?
Press: ? - help, Dir - move target
As you read the scroll of blinking, it crumbles to dust.
Unknown command.
You feel yourself speed up.
The blizzard demon waves its arms in wide circles.
The air twists around and strikes you!!
Ouch! That really hurt!
* * * LOW HITPOINT WARNING * * *
Casting: Lee's Rapid Deconstruction (safe; 1% risk of failure)
Confirm with . or Enter, or press ? or * to list all spells.
Aiming: Lee's Rapid Deconstruction (safe; 1% risk of failure)
Press: ? - help, Dir - move target, f - blizzard demon Fragment what (e.g. wall or brittle monster)?: a blizzard demon (summoned)
An open door.
The stone door frame shatters!
The blast of rock fragments hits the blizzard demon!!
The blizzard demon is heavily wounded.
Casting: Lee's Rapid Deconstruction (safe; 1% risk of failure)
Confirm with . or Enter, or press ? or * to list all spells.
Aiming: Lee's Rapid Deconstruction (safe; 1% risk of failure)
Press: ? - help, Dir - move target, p - blizzard demon A translucent rock wall.
The wall shatters!
The blast of rock fragments hits the blizzard demon!
The blizzard demon is severely wounded.
The blizzard demon gestures at you. The bolt of cold hits you!!
You die...

▓▓▓ ▓▓▓▓▓▓▓
#####.####.##..####### ###
_#__#.##.∩#.#..'.#...# .4.'
.#._#..........#@#...##≈≈≈≈#
##'##........#.#.#...≈≈≈e..e
....#.)..)))...#2#)..##≈
....#)##))#...##.))..#
###'#.))#.#.#.########
#...#'#########
#...#..≈≈≈'.#.+
#...#)#§≈§#.#.#
#...')#§§.#.#.#


You could see a blizzard demon (summoned).

Vanquished Creatures
  Josephine (D)
  An orc high priest (D)
  A deep elf knight (D)
  3 deep elf pyromancers (D)
  2 deep elf zephyrmancers (D)
  A shadow (D)
  A spatial vortex (D)
  An orc warrior (D)
  A necrophage (D)
  An earth elemental (D)
  A water elemental (D)
  A jelly (D)
  Crazy Yiuf (D)
  Jessica (D)
  A wizard (D)
  5 orc wizards (D)
  A necromancer (D)
  3 humans (D)
  A kobold demonologist (D)
  9 orcs (D)
  2 rats (D)
39 creatures vanquished.

Vanquished Creatures (collateral kills)
  An orc priest (D)
  An orc (D)
2 creatures vanquished.

Vanquished Creatures (others)
  2 plants (D)
2 creatures vanquished.

Grand Total: 43 creatures vanquished

Notes
Turn   | Place    | Note
-------+----------+-------------------------------------------
     0 | D        | mhtbhm the Deep Elf Earth Elementalist began the quest for
                  | the Orb.
     0 | D        | Reached XP level 1. HP: 10/10 MP: 6/6
    33 | D        | Noticed Jessica
    36 | D        | Killed Jessica
    37 | D        | Reached skill level 5 in Spellcasting
    37 | D        | Reached skill level 5 in Earth Magic
    37 | D        | Reached XP level 2. HP: 15/15 MP: 3/10
    96 | D        | Learned a level 2 spell: Passwall
   234 | D        | Gained mutation: You occasionally shout uncontrollably at
                  | your foes. [potion of mutation]
   234 | D        | Gained mutation: You are resistant to electric shocks.
                  | (rElec) [potion of mutation]
   234 | D        | Gained mutation: You have an increased reservoir of magic.
                  | (+10% MP) [potion of mutation]
   242 | D        | Noticed Crazy Yiuf
   245 | D        | Killed Crazy Yiuf
   246 | D        | Reached skill level 6 in Spellcasting
   246 | D        | Reached XP level 3. HP: 19/19 MP: 9/13
   263 | D        | Learned a level 3 spell: Stone Arrow
   284 | D        | Reached XP level 4. HP: 10/24 MP: 1/15
   470 | D        | Noticed a water elemental
   472 | D        | Killed a water elemental
   473 | D        | Reached skill level 8 in Spellcasting
   503 | D        | Found a radiant altar of Vehumet.
   504 | D        | Found a shimmering blue altar of Sif Muna.
   504 | D        | Found an ancient bone altar of Kikubaaqudgha.
   504 | D        | Noticed a wizard
   506 | D        | Killed a wizard
   507 | D        | Reached XP level 5. HP: 28/28 MP: 15/19
   508 | D        | Reached skill level 9 in Spellcasting
   517 | D        | Became a worshipper of Vehumet
   541 | D        | Learned a level 5 spell: Lee's Rapid Deconstruction
   546 | D        | Learned a level 4 spell: Petrify
   630 | D        | Found a glowing silver altar of Zin.
   630 | D        | Found a glowing golden altar of the Shining One.
   630 | D        | Found a white marble altar of Elyvilon.
   630 | D        | Noticed a deep elf pyromancer
   632 | D        | Killed a deep elf pyromancer
   633 | D        | Reached skill level 12 in Spellcasting
   633 | D        | Reached XP level 6. HP: 32/32 MP: 10/26
   633 | D        | Reached XP level 7. HP: 36/36 MP: 10/27
   717 | D        | Found a hide-covered altar of Uskayaw.
   717 | D        | Found an iron altar of Okawaru.
   717 | D        | Found a bloodstained altar of Trog.
   717 | D        | Found an ornate altar of the Wu Jian Council.
   717 | D        | Noticed a human
   717 | D        | Noticed a human
   719 | D        | Killed a human
   720 | D        | Reached skill level 13 in Spellcasting
   720 | D        | Killed a human
   720 | D        | Reached * piety under Vehumet
   720 | D        | Offered knowledge of Shock by Vehumet.
   721 | D        | Reached skill level 14 in Spellcasting
   803 | D        | Found a basalt altar of Yredelemnul.
   803 | D        | Found a shadowy altar of Dithmenos.
   803 | D        | Found a sacrificial altar of Ru.
   870 | D        | Reached ** piety under Vehumet
   870 | D        | Noticed a shadow
   871 | D        | Reached XP level 8. HP: 41/41 MP: 24/30
   929 | D        | Found a blossoming altar of Fedhas.
   929 | D        | Found a stormy altar of Qazlal.
   929 | D        | Found a snail-covered altar of Cheibriados.
   929 | D        | Found a burning altar of Makhleb.
   929 | D        | Found a shimmering altar of Xom.
   930 | D        | Found a hazy altar of Hepliaklqana.
   930 | D        | Found an opulent altar of Gozag.
   930 | D        | Found a sparkling altar of Nemelex Xobeh.
   930 | D        | Found a corrupted altar of Lugonu.
   930 | D        | Found a viscous altar of Jiyva.
   932 | D        | Offered knowledge of Poisonous Vapours by Vehumet.
   933 | D        | Reached skill level 15 in Spellcasting
   989 | D        | Noticed Josephine
   994 | D        | Killed Josephine
   995 | D        | Reached skill level 16 in Spellcasting
   995 | D        | Reached skill level 1 in Conjurations
   995 | D        | Reached skill level 15 in Earth Magic
   995 | D        | Reached XP level 9. HP: 45/45 MP: 24/34
  1045 | D        | Reached *** piety under Vehumet
  1100 | D        | Noticed an orc high priest
  1101 | D        | Offered knowledge of Ignite Poison by Vehumet.
  1102 | D        | Reached skill level 17 in Spellcasting
  1102 | D        | Reached **** piety under Vehumet
  1104 | D        | Reached ***** piety under Vehumet
  1106 | D        | Noticed an orange demon
  1107 | D        | Killed an orc high priest
  1108 | D        | Reached skill level 5 in Dodging
  1108 | D        | Reached skill level 18 in Spellcasting
  1287 | D        | Found Gilyz's Book Shoppe.
  1381 | D        | Noticed a deep elf zephyrmancer
  1381 | D        | Noticed a deep elf pyromancer
  1381 | D        | Noticed a deep elf knight
  1381 | D        | Noticed a deep elf zephyrmancer
  1381 | D        | Noticed a deep elf pyromancer
  1390 | D        | Killed a deep elf pyromancer
  1390 | D        | Offered knowledge of Inner Flame by Vehumet.
  1390 | D        | Killed a deep elf pyromancer
  1390 | D        | Reached ****** piety under Vehumet
  1391 | D        | Reached skill level 19 in Spellcasting
  1393 | D        | Killed a deep elf knight
  1393 | D        | Killed a deep elf zephyrmancer
  1394 | D        | Reached skill level 20 in Spellcasting
  1394 | D        | Reached XP level 10. HP: 50/50 MP: 26/39
  1394 | D        | Killed a deep elf zephyrmancer
  1465 | D        | Identified the +8 mace of the Kidney {vorpal, Str+2}
  1465 | D        | Identified the ring of the Shining Light {Fire Dex+4 SInv
                  | Stlth+}
  1465 | D        | Noticed a deep elf high priest
  1471 | D        | Learned a level 3 spell: Inner Flame
  1475 | D        | Identified the ring "Loobb" {Wiz rC+ Str+5}
  1475 | D        | Noticed a deep elf demonologist
  1477 | D        | Noticed a blizzard demon
  1486 | D        | HP: 2/50 [blizzard demon/the air[a deep elf demonologist]
                  | (25)]
  1489 | D        | Killed from afar by a blizzard demon

Illustrated notes

Levels and vault maps discovered:
D:        dungeon_sprint_mu [sprint_mu_entry_forest, sprint_mu_temple_rooms,
          sprint_mu_d1_horrors, sprint_mu_d2_genie, sprint_mu_d3_branching,
          sprint_mu_orc_legion, sprint_mu_elf_gauntlet, sprint_mu_hive_nellie,
          sprint_mu_lair_fedhas, sprint_mu_vaults_butterflies,
          sprint_mu_slime_circle, sprint_mu_swamp_cave, sprint_mu_snake_twists,
          sprint_mu_blade_basic, sprint_mu_crypt_lich, sprint_mu_tomb_spiral,
          sprint_mu_vestibule_basic, sprint_mu_gehenna_hellfire,
          sprint_mu_dis_giant, sprint_mu_tartarus_statrot,
          sprint_mu_cocytus_islands, sprint_mu_zot1]

Skill      XL: |  1  2  3  4  5  6  7  8  9 |
---------------+----------------------------+-----
Dodging        | 3 4 5 |  5.1
Stealth        | 3 4 |  4.7
Spellcasting   | 5 6 8 12 14 16 20 | 20.3
Earth Magic    | 5 6 7 8 12 13 15 17 | 17.4
Conjurations   | 1 |  1.4
Unarmed Combat | |  0.6
Transmutations | |  1.8
Evocations     | |  0.8

Action                   |  1- 3 |  4- 6 |  7- 9 | 10-12 || total
-------------------------+-------+-------+-------+-------++-------
Melee: Unarmed           |     1 |       |       |       ||     1
 Cast: Sandblast         |    15 |     5 |       |       ||    20
       Passwall          |     1 |       |       |       ||     1
       Stone Arrow       |     2 |       |     2 |     5 ||     9
       Lee's Rapid Decon |       |     2 |    26 |     4 ||    32
Evoke: Wand              |       |       |     1 |       ||     1
  Use: Potion            |     2 |       |       |     2 ||     4
       Scroll            |       |       |       |     1 ||     1
Dodge: Dodged            |     3 |       |     2 |       ||     5

Table legend: (Time is in decaauts)
 A = Elapsed time spent in this place.
 B = Non-inter-level travel time spent in this place.
 C = Inter-level travel time spent in this place.
 D = Time resting spent in this place.
 E = Time spent auto-exploring this place.
 F = Levels seen in this place.
 G = Mean time per level.
                   A        B        C        D        E       F      G
               +--------+--------+--------+--------+--------+-----+--------+
         Total |   1491 |   1491 |      0 |   1036 |      0 |   1 | 1491.0 |
       Dungeon |   1491 |   1491 |      0 |   1036 |      0 |   1 | 1491.0 |
               +--------+--------+--------+--------+--------+-----+--------+

Top non-repeatable levels by time:
       D: 1491 daAuts
